AoeStats
← NDF

African Clearing

504345533Analyzed
2v2 RM · 28d ago on Sep 5, 2026· 50m 1s· 4 players
Game mode
Random Map
Map size
Medium (4 player)
Population
200
Speed
Normal
Resources
Standard
Victory
Conquest
Starting age
Dark Age
Ending age
Imperial Age
RankedLock teamsTeams togetherTeam positionsShared explorationLock speedFull tech treeHidden civsTurbo modeCheats
Victory
Defeat
🇭🇷 Cumans · Croatia
761
+13
🇨🇴 Portuguese · Colombia
733
+15
🇦🇷 Mongols · Argentina
703
-14
🇦🇷 Spanish · Argentina
702
-14
andesign03
3:37 Loom
20:28 Feudal Age
21:05 Horse Collar
22:04 Wheelbarrow
21:15 Town Watch
21:25 Gold Mining
21:52 Stone Mining
25:22 Double-Bit Axe
28:55 Castle Age
27:38 Scale Barding Armor
27:44 Forging
28:39 Bloodlines
28:34 Fletching
28:44 Padded Archer Armor
29:51 Husbandry
29:12 Light Cavalry
30:15 Hand Cart
30:30 Bow Saw
30:31 Heavy Plow
36:43 Town Patrol
37:24 Stone Shaft Mining
42:34 Imperial Age
41:23 Fortified Wall
41:34 Ballistics
41:10 Murder Holes
41:26 Masonry
40:57 Treadmill Crane
41:42 Chain Barding Armor
42:40 Cavalier
44:01 Plate Barding Armor
44:02 Iron Casting
45:36 Two-Man Saw
45:10 Crop Rotation
46:43 Chemistry
47:25 Blast Furnace
47:36 Guilds
49:23 Architecture
49:14 Leather Archer Armor
49:01 Scale Mail Armor
Antheus Inmitis
15:06 Feudal Age
16:36 Wheelbarrow
15:56 Double-Bit Axe
17:35 Horse Collar
19:50 Man-at-Arms
26:45 Castle Age
25:22 Gold Mining
25:57 Bloodlines
27:36 Scale Barding Armor
27:41 Forging
28:10 Hand Cart
30:14 Chain Barding Armor
30:30 Iron Casting
32:40 Scale Mail Armor
39:36 Capped Ram
43:14 Imperial Age
42:02 Gold Shaft Mining
43:25 Siege Ram
45:05 Cavalier
46:25 Plate Barding Armor
46:50 Blast Furnace
46:02 Elite Skirmisher
46:56 Thumb Ring
46:55 Paladin
48:11 Caravan
estebanpa
8:28 Loom
17:55 Feudal Age
18:51 Stone Mining
19:21 Man-at-Arms
20:23 Arson
20:55 Forging
21:00 Arson
22:05 Scale Mail Armor
29:54 Castle Age
31:29 Pikeman
32:10 Squires
38:23 Horse Collar
41:31 Imperial Age
42:00 Gambesons
41:35 Long Swordsman
43:22 Chain Mail Armor
43:43 Iron Casting
43:44 Heavy Plow
46:54 Plate Mail Armor
NDF
7:46 Loom
14:15 Feudal Age
14:51 Arson
22:52 Castle Age
21:19 Horse Collar
22:12 Double-Bit Axe
22:55 Gold Mining
22:59 Stone Mining
24:36 Padded Archer Armor
35:00 Squires
34:21 Pikeman
35:48 Scale Mail Armor
36:00 Forging
37:11 Chain Mail Armor
38:15 Gold Shaft Mining
38:16 Stone Shaft Mining
38:15 Heavy Plow
Connection lost

Rejoining the realm…

Still unreachable

The connection could not be restored.

Session expired

The server has moved on; the page needs a fresh start.